 Dungeon Crawl Stone Soup version 0.20.0-10-g0535bb4 (webtiles) character file.

1297 straycat the Covert (level 8, -1/61 HPs)
             Began as a Vampire Fighter on June 5, 2017.
             Was an Initiate of Yredelemnul.
             Splashed by a jelly's acid (3 damage)
             ... on level 6 of the Dungeon.
             The game lasted 00:33:51 (6536 turns).

straycat the Covert (Vampire Fighter)               Turns: 6536, Time: 00:33:52

Health: -1/61      AC: 21    Str: 27    XL:     8   Next: 31%
Magic:  8/8        EV: 11    Int: 10    God:    Yredelemnul [......]
Gold:   210        SH: 10    Dex: 14    Spells: 7/7 levels left

rFire    . . .     SeeInvis +   w - +2 dagger (protect)
rCold    + . .     Gourm    .   c - +0 shield
rNeg     + + +     Faith    .   b - +2 scale mail
rPois    +         Spirit   .   (no helmet)
rElec    .         Reflect  .   l - +2 cloak of Gozag's Righteous Fury {rN+ MR++ Str+2 Stlth+}
rCorr    .         Harm     +   (no gloves)
MR       ++...                  g - +2 pair of boots
Stlth    +++++.....             K - amulet of harm
Regen    0.1/turn               y - ring of wizardry
MPRegen  0.2/turn               J - +3 ring of strength

@: mighty, protection aura, regenerating slowly
A: fangs 3, see invisible, unbreathing
a: Bat Form, Renounce Religion


You were on level 6 of the Dungeon.
You worshipped Yredelemnul.
Yredelemnul was noncommittal.
You were thirsty.

You visited 1 branch of the dungeon, and saw 6 of its levels.

You collected 343 gold pieces.
You spent 133 gold pieces at shops.

Inventory:

Hand Weapons
 a - a +0 rapier
 f - a +5 antimagic whip
 p - a +1 dagger of draining
 q - a +0 shortbow
 s - a +3 dagger of venom
 w - a +2 dagger of protection (weapon)
Missiles
 k - 20 poisoned needles
 n - 106 stones
 r - 34 arrows
 t - 81 sling bullets
 z - 3 javelins (quivered)
 B - 31 bolts
Armour
 b - a +2 scale mail (worn)
 c - a +0 shield (worn)
 g - a +2 pair of boots (worn)
 l - the +2 cloak of Gozag's Righteous Fury (worn) {rN+ MR++ Str+2 Stlth+}
   (You found it on level 4 of the Dungeon)

   It affects your strength (+2).
   It protects you from negative energy.
   It affects your resistance to hostile enchantments.
   It makes you more stealthy.
 G - a +1 robe of fire resistance
Magical Staves
 j - an uncursed staff of energy {unknown}
Jewellery
 y - a ring of wizardry (left hand)
 J - a +3 ring of strength (right hand)
 K - an amulet of harm (around neck)
 L - a +4 ring of slaying {unknown}
Scrolls
 h - a scroll of silence
 v - 2 scrolls of teleportation
 x - a scroll of blinking
 D - 3 scrolls of immolation
 E - a scroll of fear
Potions
 d - a potion of might
 e - 5 potions of blood
 i - 3 potions of magic
 m - a potion of haste
 o - 2 potions of mutation
 A - 2 potions of agility
 C - a potion of flight {unknown}
 F - a potion of brilliance
 H - 2 potions of lignification
 I - 3 potions of curing


   Skills:
 + Level 4.7 Fighting
 - Level 2.1 Short Blades
 - Level 2.6 Armour
 * Level 6.7 Dodging
 * Level 9.7 Stealth
 - Level 2.8 Shields


You had 7 spell levels left.
You didn't know any spells.

Dungeon Overview and Level Annotations

Branches:
Dungeon (6/15)             Temple (0/1) D:6

Altars:
Makhleb
Okawaru
Sif Muna
Uskayaw
Yredelemnul

Shops:
D:4 ?

Annotations:
D:5 mcbry's ghost, novice MfFi
D:6 2 transporters


Innate Abilities, Weirdness & Mutations

You heal slowly.
You have razor-sharp teeth.
You have supernaturally acute eyesight. (SInv)
You can survive without breathing.


Message History

The killer bee barely misses you. The killer bee closely misses you.
You closely miss the killer bee.
The killer bee is moderately wounded.
The killer bee stings you.
* * * LOW HITPOINT WARNING * * *
A jelly comes into view.
The jelly quivers.
The killer bee completely misses you. You block the killer bee's attack.
You puncture the jelly!
Your weapon exudes an aura of protection.
Your hands burn!
* * * LOW HITPOINT WARNING * * *
The jelly is heavily wounded.
You block the killer bee's attack. x2
The killer bee stings you but does no damage.
The jelly hits you but does no damage.
You puncture the jelly!
Your hands burn!
You die...
Yredelemnul claims you as an undead slave.

... ... #'# #.#
#.#
#.#####.#######
#... ..
#...†....)...y#
#.... ..
#############y##
#....... .. #y@#
###......# #. ##J#
#...# #..# #. #.#
#.⌠.# #..####.
#.###...###.......
#................<
##.⌠..>..⌠.......#
#................
####...###.......
#.⌠.# #.......


You could see a jelly and 3 killer bees.

Vanquished Creatures
  The ghost of maniacrov the Poker, an amateur MfMo (D:4)
  An ice beast (D:2)
  A phantom (D:6)
  2 ogres (D:6)
  A centaur (D:6)
  A bullfrog (D:6)
  A scorpion (D:6)
  2 killer bees (D:6)
  A howler monkey (D:6)
  A crimson imp (D:6)
  2 hounds
  An orc wizard (D:6)
  2 orc priests
  2 jellies
  An iguana (D:6)
  2 worker ants (D:4)
  8 adders
  An adder skeleton (D:4)
  2 worms
  A dart slug (D:2)
  3 leopard geckos
  6 orcs
  8 giant cockroaches
  10 hobgoblins
  7 jackals
  9 kobolds
  2 ball pythons
  9 bats
  6 frilled lizards
  11 goblins
  8 rats
113 creatures vanquished.

Notes
Turn   | Place    | Note
-------+----------+-------------------------------------------
     0 | D:1      | straycat the Vampire Fighter began the quest for the Orb.
     0 | D:1      | Reached XP level 1. HP: 17/17 MP: 1/1
    69 | D:1      | Reached skill level 1 in Stealth
   208 | D:1      | Reached XP level 2. HP: 11/23 MP: 2/2
   305 | D:1      | You fall through a shaft!
   744 | D:1      | Reached skill level 1 in Dodging
   875 | D:1      | Reached skill level 2 in Stealth
  1182 | D:1      | Reached XP level 3. HP: 24/28 MP: 3/3
  1301 | D:2      | Reached skill level 3 in Stealth
  1317 | D:2      | Found an iron altar of Okawaru.
  1786 | D:2      | Reached XP level 4. HP: 21/35 MP: 4/4
  2122 | D:3      | Noticed an ice beast
  2594 | D:2      | Killed an ice beast
  2594 | D:2      | Reached skill level 5 in Stealth
  2594 | D:2      | Reached XP level 5. HP: 13/41 MP: 5/5
  3580 | D:3      | Found a hide-covered altar of Uskayaw.
  3591 | D:3      | Found a burning altar of Makhleb.
  3636 | D:3      | Found a deep blue altar of Sif Muna.
  3676 | D:3      | Found a basalt altar of Yredelemnul.
  3692 | D:3      | Became a worshipper of Yredelemnul the Dark
  3872 | D:4      | Noticed maniacrov's ghost (amateur MfMo)
  4320 | D:4      | Reached XP level 6. HP: 47/47 MP: 2/6
  4380 | D:4      | Killed maniacrov's ghost
  4380 | D:4      | Reached skill level 6 in Stealth
  4705 | D:4      | Got a smoking cloak
  4711 | D:4      | Identified the +2 cloak of Gozag's Righteous Fury {rN+ MR++ Str+2 Stlth+} (You found it on level 4 of the Dungeon)
  4871 | D:4      | Found Deannuar's Magic Scroll Emporium.
  4895 | D:4      | Bought a scroll of identify for 28 gold pieces
  4897 | D:4      | Bought a scroll of silence for 105 gold pieces
  5045 | D:4      | Reached skill level 7 in Stealth
  5045 | D:4      | Reached XP level 7. HP: 46/53 MP: 2/7
  5448 | D:5      | Entered Level 5 of the Dungeon
  5472 | D:5      | Noticed mcbry's ghost (novice MfFi)
  5482 | D:6      | Reached skill level 5 in Dodging
  5738 | D:6      | Reached skill level 8 in Stealth
  6246 | D:6      | Found a transporter.
  6320 | D:6      | Reached skill level 9 in Stealth
  6320 | D:6      | Reached XP level 8. HP: 45/61 MP: 2/8
  6434 | D:6      | Found a transporter.
  6454 | D:6      | Found a staircase to the Ecumenical Temple.
  6535 | D:6      | HP: 2/61 [acid (4)]
  6536 | D:6      | Splashed by a jelly's acid

Skill      XL: |  1  2  3  4  5  6  7 |
---------------+----------------------+-----
Stealth        | 1 2 3 5 7 9 |  9.7
Dodging        | 1 3 4 6 |  6.7
Fighting       | 3 4 |  4.7
Short Blades   | |  2.1
Armour         | |  2.6
Shields        | |  2.8

Action                   |  1- 3 |  4- 6 |  7- 9 || total
-------------------------+-------+-------+-------++-------
Melee: Rapier            |    72 |    96 |       ||   168
       Dagger            |    51 |    46 |   133 ||   230
       Bite              |     7 |    24 |    18 ||    49
       Unarmed           |       |    34 |       ||    34
       Whip              |       |    52 |    44 ||    96
Throw: Stone             |     1 |       |       ||     1
 Abil: End Transformatio |       |     2 |       ||     2
       Bat Form          |       |     2 |       ||     2
  Use: Potion            |       |     5 |     6 ||    11
       Scroll            |       |    22 |     1 ||    23
 Stab: Sleeping          |     1 |     2 |     4 ||     7
  Eat: Corpse            |     1 |     4 |     1 ||     6
Armor: Scale mail        |    78 |   104 |    61 ||   243
Dodge: Dodged            |    94 |   151 |    71 ||   316
Block: Shield            |       |    20 |    73 ||    93
